 Dungeon Crawl Stone Soup version 0.31-a0-233-g139696dc86 (webtiles) character file.

Game seed: 8004128776681814095

28 qw the Shooter (level 3, -2/29 HPs)
             Began as a Minotaur Hexslinger on July 8, 2023.
             Slain by Terence
             ... wielding a +0 mace
              (7 damage)
             ... on level 2 of the Dungeon.
             The game lasted 00:00:18 (1418 turns).

qw the Shooter (Minotaur Hexslinger)                Turns: 1418, Time: 00:00:18

Health: -2/29      AC:  5    Str: 12    XL:     3   Next: 0%
Magic:  3/3        EV: 11    Int: 10    God:
Gold:   44         SH:  0    Dex: 14    Spells: 3/4 levels left

rFire   . . .        Y - +1 sling
rCold   . . .        (no shield)
rNeg    . . .        d - +0 ring mail
rPois   .            (helmet restricted)
rElec   .            (no cloak)
rCorr   .            (no gloves)
SInv    .            (no boots)
Will    .....        (no amulet)
Stlth   +            (no ring)
HPRegen 0.24/turn    (no ring)
MPRegen 0.08/turn

%: no passive effects
@: about to teleport
A: horns 2, retaliatory headbutt
a: no special abilities


You were on level 2 of the Dungeon.
You visited 1 branch of the dungeon, and saw 2 of its levels.

You collected 44 gold pieces.


Innate Abilities, Weirdness & Mutations

You have a pair of horns on your head.
You reflexively headbutt those who attack you in melee.


   Skills:
 - Level 2.0 Fighting
 + Level 3.5 Ranged Weapons
 - Level 2.1 Dodging
 - Level 1.0 Spellcasting
 - Level 2.0 Hexes


You had 3 spell levels left.
You knew the following spells:

 Your Spells              Type           Power      Damage    Failure   Level
a - Slow                  Hex            16%        N/A       34%         1

Your spell library contained the following spells:

 Spells                   Type           Power      Damage    Failure   Level
 Inner Flame              Hex/Fire       2%         N/A       83%         3
 Portal Projectile        Hex/Tloc       4%         N/A       83%         3
 Cause Fear               Hex            2%         N/A       98%         4

Inventory:

Hand Weapons
 Y - a +1 sling (weapon)
Armour
 d - a +0 ring mail (worn)
Scrolls
 a - a scroll of teleportation
Potions
 e - a potion of ambrosia {unknown}
 k - a potion of curing {unknown}

Dungeon Overview and Level Annotations

Branches:
Dungeon (2/15)

Altars:

Shops:
D:1 :

Annotations:
D:2 Natasha, Terence


Message History

You feel agile. x2
You open the door.
There is an open door here.
You open the door.
Terence the Incautious comes into view.
He is wielding a +0 mace.
Terence shouts!
Enter note:
Enter note:
Enter note: You shoot a sling bullet.
The sling bullet barely misses Terence.
Natasha, Servant of Life and Death comes into view.
She is carrying a wand of polymorph (6).
You shoot a sling bullet. The sling bullet barely misses Terence.
Natasha hisses angrily.
Terence screams, "I'm going to kill you!"
Terence hits you with a +0 mace.
You shoot a sling bullet. The sling bullet barely misses Terence.
Natasha casts a spell.
Terence hits you but does no damage.
You shoot a sling bullet.
The sling bullet closely misses Terence.
Natasha mumbles some strange words.
Natasha's front paws start to glow.
Terence barely misses you.
You shoot a sling bullet. The sling bullet barely misses Terence.
The sling bullet closely misses the cerulean imp.
Terence hits you with a +0 mace! Terence hits you with a +0 mace.
You shoot a sling bullet. The sling bullet barely misses Terence.
The sling bullet barely misses Natasha.
The sling bullet barely misses the cerulean imp.
Terence hits you with a +0 mace! The cerulean imp misses you.
You shoot a sling bullet.
The sling bullet hits Terence but does no damage.
Terence misses you. You furiously retaliate!
You headbutt Terence, but do no damage.
The cerulean imp hits you from afar with a +1 spear.
1418 ||| READING 2 scrolls of teleportation.
As you read the scroll of teleportation, it crumbles to dust.
You feel strangely unstable. Terence hits you with a +0 mace!
You die...

# .. ... ....
### ..... #.#
#.....####.#
+....h@@...#
#....5####.#
#....
####'########
####
#...........#
#......####.#
#......#
#......#
#......####.#.
#.............


You could see Terence, Natasha and a cerulean imp (summoned).

Vanquished Creatures
  An adder (D:2)
  A dart slug (D:1)
  An endoplasm (D:1)
  A giant cockroach (D:1)
  2 jackals (D:1)
  2 kobolds
  2 quokkas (D:1)
  2 ball pythons (D:1)
  A frilled lizard (D:1)
  4 rats
17 creatures vanquished.

Notes
Turn   | Place    | Note
-------+----------+-------------------------------------------
     0 | D:1      | qw the Minotaur Hexslinger began the quest for the Orb.
     0 | D:1      | Reached XP level 1. HP: 16/16 MP: 1/1
     0 | D:1      | 0 ||| qw: Version: 0.3-a-46-gb1f654a
     0 | D:1      | 0 ||| qw: Game counter: 3715
     0 | D:1      | 0 ||| qw: Melee chars always use a shield: true
     0 | D:1      | 0 ||| qw: God list: Okawaru
     0 | D:1      | 0 ||| qw: Allow faded altars: false
     0 | D:1      | 0 ||| qw: Do Orc after clearing Dungeon:15 true
     0 | D:1      | 0 ||| qw: Do second Lair branch before Depths: true
     0 | D:1      | 0 ||| qw: Lair rune preference: random
     0 | D:1      | 0 ||| qw: Goals: Normal
     0 | D:1      | 0 ||| PLANNING D:1-11
   217 | D:1      | Reached skill level 3 in Ranged Weapons
   217 | D:1      | Reached XP level 2. HP: 18/23 MP: 2/2
   912 | D:1      | Found Fujuf's Book Shop.
  1108 | D:1      | 1108 ||| UPGRADING to +0 ring mail.
  1118 | D:1      | 1118 ||| DROPPING +0 robe.
  1119 | D:1      | 1119 ||| DROPPING ring of wizardry.
  1120 | D:1      | 1120 ||| READING 3 scrolls labelled PURCHO OMUNO.
  1125 | D:1      | 1125 ||| READING 2 scrolls labelled GALIAK XUCZAG.
  1126 | D:1      | 1126 ||| READING scroll labelled NUMEUNU GIPNAW.
  1127 | D:1      | 1127 ||| READING scroll labelled FIMUOQONUM.
  1128 | D:1      | 1128 ||| DROPPING scroll of poison.
  1129 | D:1      | 1129 ||| DROPPING scroll of fear.
  1379 | D:2      | Reached XP level 3. HP: 29/29 MP: 3/3
  1410 | D:2      | Noticed Terence
  1411 | D:2      | Noticed Natasha
  1417 | D:2      | HP: 4/29 [cerulean imp/+1 spear[Natasha] (6)]
  1418 | D:2      | 1418 ||| READING 2 scrolls of teleportation.
  1418 | D:2      | Slain by Terence

Levels and vault maps discovered:
D:1:      kilobyte_arrival_exit_the_forest, layout_basic, serial_shops,
          nicolae_shop_tiny_real_fake_doors
D:2:      layout_basic, hangedman_decor_points, st_stairs_10, uniq_terence,
          uniq_natasha

Skill      XL: |  1  2 |
---------------+-------+-----
Ranged Weapons | 3 |  3.5
Fighting       | 2 |  2.0
Dodging        | |  2.1
Spellcasting   | |  1.0
Hexes          | |  2.0

Action                     || total
---------------------------++-------
   Fire: Sling             ||    57
    Use: Scroll            ||     5
 Armour: Ring mail         ||     4
  Dodge: Dodged            ||    19

Table legend:
 A = Non-vault XP
 B = Vault XP
 C = Vault XP percentage of total XP
 D = Non-vault monster count
 E = Vault monster count
 F = Vault count percentage of total count
                 A         B        C        D         E       F
            +---------+---------+-------+---------+---------+-------
      Total |      27 |      14 |  34.1 |      15 |       2 |  11.8
            +---------+---------+-------+---------+---------+-------
        D:1 |      24 |       0 |   0.0 |      13 |       0 |   0.0
        D:2 |       3 |      14 |  82.4 |       2 |       2 |  50.0
            +---------+---------+-------+---------+---------+-------
